Map: Nightscape LE

Players

qqq

  • Race: Zerg Zerg
  • Spawn Location: 7:00

Massa

  • Race: Terran Terran
  • Spawn Location: 7:00

aRoNuS

  • Race: Protoss Protoss
  • Spawn Location: 1:00

Thisisboo

  • Race: Zerg Zerg
  • League: Diamond
  • Spawn Location: 1:00

VOD

Have the link to the VOD?

Description

Time

  • Played on: Jan. 26, 2021, 11:44 a.m.
  • Length: 5:51
Show
View Real Time Build Order
Export as new Build Order

qqq Zerg 

Build Orders: Hatch First 

Get SALT Encoding   

  12  0:00  Drone  
  13  0:11  Drone  
  14  0:19  Overlord  
  14  0:47  Hatchery  
  13  0:59  Drone  
  14  1:06  Spawning Pool  
  14  1:09  Drone  
  14  1:15  Drone  
  15  1:18  Extractor  
  15  1:21  Drone  
  15  1:27  Drone  
  16  1:35  Drone  
  17  1:45  Drone  
  18  1:54  Drone  
  18  1:55  Queen  
  21  2:02  Drone  
  21  2:04  Queen  
  24  2:11  Drone  
  24  2:14  Zergling x2  
  26  2:20  Drone  
  26  2:21  Drone  
  27  2:25  Overlord  
  27  2:33  Zergling x2  
  28  2:38  Overlord  
  28  2:53  Zergling x2  
  28  2:55  Zergling x2  
  28  2:56  Drone  
  32  2:58  Zergling x2  
  32  3:00  Metabolic Boost  
  32  3:04  Lair  
  32  3:06  Zergling x4  
  32  3:10  Zergling x2  
  35  3:14  Zergling x2  
  35  3:15  Zergling x2  
  35  3:19  Overlord  
  37  3:23  Zergling x2  
  38  3:38  Zergling x2  
  38  3:39  Drone  
  38  3:40  Zergling x2, Overlord  
  40  3:45  Zergling x2  
  41  3:51  Zergling x2  
  42  3:58  Spine Crawler  
  38  4:04  Zergling x6  
  38  4:05  Zergling x6  
  38  4:08  Zergling x2  
  33  4:17  Zergling x2  
  33  4:21  Spire  
  29  4:32  Zergling x6  
  29  4:33  Zergling x6  
  32  4:41  Zergling x6  
  33  4:49  Baneling Nest  
  33  4:51  Zergling x2  
  32  4:56  Zergling x4  
  32  5:10  Zergling x4  
  32  5:11  Zergling x4  
  36  5:21  Zergling x4  
  36  5:22  Zergling x4  
  36  5:23  Zergling x2  
  41  5:31  Zergling x2  
  40  5:37  Baneling x3  
Show
View Real Time Build Order
Export as new Build Order

Massa Terran 

Build Orders: Hellion Banshee 

Get SALT Encoding   

  12  0:00  SCV  
  13  0:13  SCV  
  14  0:22  Supply Depot  
  14  0:25  SCV  
  15  0:43  SCV  
  15  0:45  Barracks  
  16  0:50  Refinery  
  16  0:55  SCV  
  17  1:08  SCV  
  18  1:20  SCV  
  19  1:32  Orbital Command  
  19  1:40  Barracks Reactor  
  19  1:41  Command Center  
  19  1:58  SCV, Supply Depot  
  20  2:10  SCV  
  21  2:16  Marine x2  
  21  2:18  Factory  
  23  2:24  SCV  
  24  2:34  Marine x2  
  24  2:36  SCV  
  27  2:47  Supply Depot  
  27  2:51  Marine  
  27  2:52  Marine  
  29  3:06  Starport  
  29  3:14  SCV  
  29  3:15  Orbital Command  
  29  3:16  Barracks Tech Lab  
  30  3:22  Barracks  
  30  3:23  Hellion x2  
  30  3:26  SCV  
  35  3:38  SCV  
  36  3:44  Hellion x2  
  40  3:49  Banshee  
  40  3:50  SCV  
  43  4:06  Hellion  
  37  4:10  Hellion, Marine  
  37  4:14  SCV x2  
  39  4:18  Refinery  
  39  4:26  SCV  
  39  4:27  Hellion  
  39  4:28  Marine  
  36  4:46  Marine  
  36  4:52  SCV x2  
  40  4:56  Marine  
  36  5:03  Barracks  
  36  5:04  Barracks  
  36  5:05  Barracks, Supply Depot  
  36  5:06  Barracks, Supply Depot  
  35  5:08  Barracks  
  35  5:09  Barracks, Supply Depot  
  25  5:35  SCV  
Show
View Real Time Build Order
Export as new Build Order

aRoNuS Protoss 

Build Orders:  

Get SALT Encoding   

  12  0:00  Probe  
  13  0:13  Probe  
  14  0:18  Pylon  
  14  0:25  Probe (Chrono Boost)  
  15  0:37  Probe (Chrono Boost)  
  15  0:40  Gateway  
  16  0:45  Probe (Chrono Boost)  
  16  0:48  Assimilator  
  17  0:52  Probe  
  18  1:04  Probe  
  19  1:15  Pylon  
  19  1:16  Probe  
  20  1:27  Cybernetics Core  
  20  1:28  Probe  
  20  1:32  Assimilator  
  21  1:38  Gateway  
  21  1:40  Probe  
  22  1:52  Probe  
  23  2:00  Warp Gate (Chrono Boost)  
  23  2:04  Probe  
  24  2:21  Sentry  
  24  2:22  Gateway  
  26  2:30  Nexus  
  25  2:42  Gateway  
  25  2:47  Gateway  
  25  2:49  Sentry  
  27  3:06  Pylon  
  27  3:17  Pylon  
  27  3:29  Stalker  
  27  3:30  Stalker x2  
  27  3:32  Probe  
  34  3:40  Stalker  
  36  3:43  Probe  
  36  3:45  Probe  
  38  3:52  Stalker  
  40  4:16  Stalker x3  
  46  4:40  Stalker x4  
  54  4:59  Stalker  
  56  5:00  Probe x2  
  56  5:03  Assimilator  
  58  5:08  Assimilator  
  58  5:12  Probe x2  
  60  5:48  Stalker  
Show
View Real Time Build Order
Export as new Build Order

Thisisboo Zerg 

Build Orders: Pool First 

Get SALT Encoding   

  12  0:06  Drone  
  13  0:12  Overlord  
  13  0:17  Drone  
  14  0:30  Drone x2  
  16  0:43  Spawning Pool  
  16  0:48  Extractor  
  16  0:49  Drone  
  15  1:04  Drone  
  16  1:15  Hatchery  
  15  1:19  Drone  
  16  1:33  Queen  
  18  1:45  Zergling x6  
  21  1:51  Metabolic Boost  
  21  1:58  Zergling x2  
  22  2:15  Overlord  
  22  2:28  Queen  
  22  2:29  Zergling x4  
  27  2:30  Zergling x2  
  27  2:41  Zergling x4  
  29  2:46  Zergling x6  
  29  2:50  Overlord  
  32  3:02  Zergling x4  
  34  3:06  Zergling x2  
  34  3:11  Zergling x2  
  36  3:18  Overlord  
  37  3:20  Zergling x4  
  37  3:25  Zergling x2  
  39  3:38  Zergling x4  
  41  3:43  Zergling x8  
  45  3:49  Zergling x2  
  45  3:50  Zergling x4  
  48  3:59  Zergling x2  
  48  4:00  Zergling x4  
  44  4:07  Zergling x2  
  35  4:11  Zergling x2  
  35  4:12  Zergling x2  
  35  4:13  Zergling x2  
  36  4:25  Zergling x2  
  36  4:26  Zergling x4  
  36  4:30  Zergling x2  
  37  4:37  Zergling x2  
  37  4:38  Zergling x4  
  38  4:43  Zergling x4  
  39  4:46  Zergling x2  
  38  5:01  Zergling x6  
  38  5:02  Zergling x2  
  42  5:15  Zergling x2  
  42  5:16  Zergling x6  
Tags
 
Add a new tag
Caveats
  • Supply blocks, unpowered buildings, or Contaminate may cause inaccurate times.
  • Supply counts are checked every 10 seconds.